 Dungeon Crawl Stone Soup version 0.28-a0-1212-gc6b4282bc0 (webtiles) character file.

Game seed: 9127645491753622411

107 MordorOrchid the Covert (level 4, -8/41 HPs)
             Began as a Gnoll Delver on Dec 21, 2021.
             Was an Initiate of Okawaru.
             Mangled by a gnoll (9 damage)
             ... on level 4 of the Dungeon.
             The game lasted 00:03:54 (1019 turns).

MordorOrchid the Covert (Gnoll Delver)              Turns: 1019, Time: 00:03:54

Health: -8/41      AC:  3    Str: 11    XL:     4   Next: 85%
Magic:  5/5        EV: 13    Int: 11    God:    Okawaru [......]
Gold:   95         SH:  0    Dex: 14    Spells: 5/5 levels left

rFire   . . .      SeeInvis .   a - +0 falchion
rCold   . . .      Faith    .   (no shield)
rNeg    . . .      Spirit   .   b - +0 leather armour
rPois   .          Reflect  .   (no helmet)
rElec   .          Harm     .   (no cloak)
rCorr   .          Rampage  .   (no gloves)
Will    .....                   (no boots)
Stlth   ++++......              (no amulet)
HPRegen 0.13/turn               (no ring)
MPRegen 0.09/turn               (no ring)

@: flying
A: fangs 1, strong nose, distributed training
a: Renounce Religion


You were on level 4 of the Dungeon.
You worshipped Okawaru.
Okawaru was noncommittal.
You visited 2 branches of the dungeon, and saw 3 of its levels.

You collected 95 gold pieces.

Inventory:

Hand Weapons
 a - a +0 falchion (weapon)
Missiles
 l - 13 bolts
Armour
 b - a +0 leather armour (worn)
Wands
 g - a wand of digging (3)
Scrolls
 c - a scroll of fog
 d - a scroll of magic mapping
 e - a scroll of fear
 i - a scroll of blinking {unknown}
 j - a scroll of teleportation {unknown}
 k - a scroll of identify {unknown}
 m - a scroll of torment {unknown}
Potions
 f - a potion of haste


   Skills:
 + Level 6.6 Fighting
 + Level 1.2 Short Blades
 + Level 4.7 Long Blades
 + Level 1.2 Axes
 + Level 1.2 Maces & Flails
 + Level 1.2 Polearms
 + Level 1.2 Staves
 + Level 1.2 Slings
 + Level 1.2 Bows
 + Level 1.2 Crossbows
 + Level 1.2 Throwing
 + Level 1.2 Armour
 + Level 4.7 Dodging
 + Level 9.6 Stealth
 + Level 1.2 Shields
 + Level 1.2 Unarmed Combat
 + Level 1.2 Spellcasting
 + Level 1.0 Conjurations
 + Level 1.0 Hexes
 + Level 1.0 Summonings
 + Level 1.0 Necromancy
 + Level 1.0 Translocations
 + Level 1.0 Transmutations
 + Level 1.0 Fire Magic
 + Level 1.0 Ice Magic
 + Level 1.0 Air Magic
 + Level 1.0 Earth Magic
 + Level 1.0 Poison Magic
 + Level 1.4 Invocations
 + Level 1.2 Evocations


You had 5 spell levels left.
You didn't know any spells.
Your spell library was empty.

Dungeon Overview and Level Annotations

Branches:
Dungeon (5/15)             Temple (1/1) D:4

Altars:
Ashenzari
Cheibriados
Dithmenos
Elyvilon
Gozag
Okawaru
Qazlal
Ru
Uskayaw
Wu Jian
Xom
Yredelemnul
Zin
The Shining One

Shops:
D:4 (   D:5 (


Innate Abilities, Weirdness & Mutations

You have very sharp teeth.
Your uncanny sense of smell can sniff out nearby items.
Your experience applies equally to all skills.


Message History

The gnoll shaman hits you with a +0 whip.
You are too injured to fight recklessly!
You are too injured to fight recklessly!
You are too injured to fight recklessly!
You are too injured to fight recklessly!
You are too injured to fight recklessly!
You are too injured to fight recklessly!
You are too injured to fight recklessly!
You are too injured to fight recklessly!
You are too injured to fight recklessly!
You are too injured to fight recklessly!
You are too injured to fight recklessly!
You are too injured to fight recklessly!
You are too injured to fight recklessly!
You are too injured to fight recklessly!
You are too injured to fight recklessly!
You are too injured to fight recklessly!
You are too injured to fight recklessly!
You are too injured to fight recklessly!
You are too injured to fight recklessly!
It was a potion of flight.
You feel very buoyant.
You fly up into the air.
The gnoll closely misses you.
The gnoll shaman calls upon its god to speed up the gnoll.
The gnoll seems to speed up.
The gnoll shouts!
You hit the gnoll shaman but do no damage.
The gnoll shaman is heavily wounded.
The gnoll shaman misses you.
You hit the gnoll shaman but do no damage.
The gnoll shaman is heavily wounded.
The gnoll hits you from afar with a +0 halberd!
* * * LOW HITPOINT WARNING * * *
The gnoll shaman prays to its god.
The gnoll shaman is healed somewhat.
You closely miss the gnoll shaman.
The gnoll shaman is moderately wounded.
The gnoll shaman barely misses you.
The gnoll hits you from afar with a +0 halberd!
You die...

####################
#..........@gg.g.g.#
#......###########.#
#......# #.#
#......# #g#
#......# #g#
####......##### #g#
###..............
#.#
..'......>.......
#.#
.##..............
#.#


You could see a gnoll shaman and 3 gnolls.

Vanquished Creatures
  A centaur zombie (D:5)
  A hound (D:5)
  4 adders
  A worm (D:5)
  A goblin (D:4)
  2 ball pythons (D:4)
10 creatures vanquished.

Notes
Turn   | Place    | Note
-------+----------+-------------------------------------------
     0 | D:5      | Reached skill level 9 in Stealth
     0 | D:5      | MordorOrchid the Gnoll Delver began the quest for the Orb.
     0 | D:5      | Reached XP level 1. HP: 23/23 MP: 1/1
    19 | D:5      | Noticed an iguana
    38 | D:5      | Noticed a sky beast
    51 | D:5      | Noticed a lemure
    70 | D:5      | Noticed a sky beast
   132 | D:5      | Reached XP level 2. HP: 7/29 MP: 2/2
   373 | D:5      | Found Sacs's Weapon Shop.
   398 | D:5      | Reached skill level 1 in Invocations
   398 | D:5      | Reached XP level 3. HP: 19/35 MP: 2/4
   555 | D:5      | Reached skill level 1 in Short Blades
   555 | D:5      | Reached skill level 1 in Axes
   555 | D:5      | Reached skill level 1 in Maces & Flails
   555 | D:5      | Reached skill level 1 in Polearms
   555 | D:5      | Reached skill level 1 in Staves
   555 | D:5      | Reached skill level 1 in Slings
   555 | D:5      | Reached skill level 1 in Bows
   555 | D:5      | Reached skill level 1 in Crossbows
   555 | D:5      | Reached skill level 1 in Throwing
   555 | D:5      | Reached skill level 1 in Armour
   555 | D:5      | Reached skill level 1 in Shields
   555 | D:5      | Reached skill level 1 in Unarmed Combat
   555 | D:5      | Reached skill level 1 in Spellcasting
   555 | D:5      | Reached skill level 1 in Evocations
   555 | D:5      | Reached XP level 4. HP: 34/41 MP: 5/5
   581 | D:4      | Found a staircase to the Ecumenical Temple.
   604 | Temple   | Entered the Ecumenical Temple
   792 | Temple   | Became a worshipper of Warmaster Okawaru
   899 | D:4      | Reached skill level 1 in Conjurations
   899 | D:4      | Reached skill level 1 in Hexes
   899 | D:4      | Reached skill level 1 in Summonings
   899 | D:4      | Reached skill level 1 in Necromancy
   899 | D:4      | Reached skill level 1 in Translocations
   899 | D:4      | Reached skill level 1 in Transmutations
   899 | D:4      | Reached skill level 1 in Fire Magic
   899 | D:4      | Reached skill level 1 in Ice Magic
   899 | D:4      | Reached skill level 1 in Air Magic
   899 | D:4      | Reached skill level 1 in Earth Magic
   899 | D:4      | Reached skill level 1 in Poison Magic
   902 | D:4      | Found Rueg's Antique Weapon Boutique.
  1017 | D:4      | HP: 1/41 [gnoll (13)]
  1019 | D:4      | Mangled by a gnoll

Illustrated notes

Levels and vault maps discovered:
D:4:      layout_basic, minmay_temple_entry_arrows, serial_shops,
          nicolae_square_shop, chequers_serial_rivers_micro_a
D:5:      layout_loops_ring, mainiacjoe_overflow_chevrons,
          nicolae_stop_n_shop_1, hangedman_decor_clover_reticule, uniq_pikel,
          uniq_blork_the_orc
Temple:   minmay_temple_curvy_branch

Skill      XL: |  1  2  3  4 |
---------------+-------------+-----
Stealth        | |  9.6
Invocations    | 1 |  1.4
Short Blades   | 1 |  1.2
Axes           | 1 |  1.2
Maces & Flails | 1 |  1.2
Polearms       | 1 |  1.2
Staves         | 1 |  1.2
Slings         | 1 |  1.2
Bows           | 1 |  1.2
Crossbows      | 1 |  1.2
Throwing       | 1 |  1.2
Armour         | 1 |  1.2
Shields        | 1 |  1.2
Unarmed Combat | 1 |  1.2
Spellcasting   | 1 |  1.2
Evocations     | 1 |  1.2
Conjurations   | 1 |  1.0
Hexes          | 1 |  1.0
Summonings     | 1 |  1.0
Necromancy     | 1 |  1.0
Translocations | 1 |  1.0
Transmutations | 1 |  1.0
Fire Magic     | 1 |  1.0
Ice Magic      | 1 |  1.0
Air Magic      | 1 |  1.0
Earth Magic    | 1 |  1.0
Poison Magic   | 1 |  1.0
Fighting       | |  6.6
Long Blades    | |  4.7
Dodging        | |  4.7

Action                   |  1- 3 |  4- 6 || total
-------------------------+-------+-------++-------
Melee: Falchion          |    36 |    37 ||    73
       Bite              |     5 |     1 ||     6
       Punch             |       |     1 ||     1
  Use: Potion            |       |     1 ||     1
 Stab: Sleeping          |     2 |     3 ||     5
       Distracted        |       |     1 ||     1
Armor: Leather armour    |    10 |    11 ||    21
Dodge: Dodged            |    39 |    27 ||    66

Table legend: (Time is in decaauts)
 A = Elapsed time spent in this place.
 B = Non-inter-level travel time spent in this place.
 C = Inter-level travel time spent in this place.
 D = Time resting spent in this place.
 E = Time spent auto-exploring this place.
 F = Levels seen in this place.
 G = Mean time per level.
                   A        B        C        D        E       F      G
               +--------+--------+--------+--------+--------+-----+--------+
         Total |   1024 |   1001 |     23 |    363 |      0 |   3 |  341.3 |
       Dungeon |    813 |    812 |      1 |    363 |      0 |   2 |  406.5 |
        Temple |    210 |    188 |     22 |      0 |      0 |   1 |  210.0 |
               +--------+--------+--------+--------+--------+-----+--------+

Top non-repeatable levels by time:
     D:5: 566 daAuts
     D:4: 246 daAuts
  Temple: 210 daAuts
